 Dungeon Crawl Stone Soup version 0.29-a0-577-gafbf2c5d25 (webtiles) character file.

Game seed: 18088493559039748837

3100 DocClef the Fighter (level 9, -3/95 HPs)
             Began as a Grey Draconian Delver on June 13, 2022.
             Slain by a hornet (10 damage)
             ... while paralysed by a hornet
             ... on level 6 of the Dungeon.
             The game lasted 00:07:54 (6260 turns).

DocClef the Fighter (Grey Draconian Delver)         Turns: 6260, Time: 00:07:55

Health: -3/95      AC: 14    Str: 17    XL:     9   Next: 59%
Magic:  9/9        EV:  2    Int: 14    God:
Gold:   117        SH:  0    Dex: 17    Spells: 8/8 levels left

rFire   . . .      SeeInvis .   n - +5 dagger (speed)
rCold   . . .      Faith    .   (no shield)
rNeg    + . .      Spirit   .   (body armour unavailable)
rPois   .          Reflect  .   (helmet restricted)
rElec   .          Harm     .   w - +0 cloak
rCorr   .          Rampage  .   (no gloves)
Will    .....                   E - +0 pair of boots of Melancholy {Int+4 Dex+2}
Stlth   ++++......              r - amulet of the acrobat
HPRegen 0.25/turn               B - ring of positive energy
MPRegen 0.11/turn               (no ring)

@: paralysed, lethally poisoned (-3 -> -9)
A: AC +12, amphibious, unfitting armour, cold-blooded
a: no special abilities


You were on level 6 of the Dungeon.
You visited 1 branch of the dungeon, and saw 7 of its levels.

You collected 307 gold pieces.
You spent 190 gold pieces at shops.

Inventory:

Hand Weapons
 h - the +7 trident of Dynwe {vamp, rN+ Str-4 Dex+10}
   (You found it on level 4 of the Dungeon)

   It occasionally heals its wielder for a portion of the damage dealt when it
   wounds a living foe.
   Str:       It affects your strength (-4).
   Dex:       It affects your dexterity (+10).
   rN:        It protects you from negative energy.
 n - a +5 dagger of speed (weapon)
Armour
 w - a +0 cloak (worn)
 E - the +0 pair of boots of Melancholy (worn) {Int+4 Dex+2}
   (You bought it in a shop on level 2 of the Dungeon)

   Int:       It affects your intelligence (+4).
   Dex:       It affects your dexterity (+2).
Jewellery
 j - a ring of resist corrosion
 r - an amulet of the acrobat (around neck)
 B - a ring of positive energy (left hand)
Wands
 f - a wand of digging (3)
 l - a wand of flame (1)
Scrolls
 b - 4 scrolls of fog
 c - 2 scrolls of magic mapping
 d - 2 scrolls of fear
 g - 15 scrolls of identify {unknown}
 i - a scroll of acquirement {unknown}
 m - 2 scrolls of blinking {unknown}
 p - 3 scrolls of enchant armour {unknown}
 q - a scroll of immolation {unknown}
 s - 7 scrolls of teleportation {unknown}
 t - a scroll of vulnerability {unknown}
 u - a scroll of summoning {unknown}
 y - a scroll of silence {unknown}
 z - 2 scrolls of poison {unknown}
 D - a scroll of amnesia {unknown}
Potions
 e - a potion of haste
 v - 2 potions of mutation {unknown}
 x - 2 potions of flight {unknown}
 A - 2 potions of lignification {unknown}
 C - a potion of attraction {unknown}


   Skills:
 - Level 14.2 Fighting
 + Level 6.0 Short Blades
 - Level 3.5 Polearms
 - Level 4.0 Dodging
 - Level 7.1 Stealth
 - Level 0.6 Unarmed Combat


You had 8 spell levels left.
You didn't know any spells.
Your spell library contained the following spells:

 Spells                   Type           Power      Damage    Failure   Level
 Beastly Appendage        Tmut           0%         N/A       28%         1
 Necrotize                Necr           0%         1d4       28%         1
 Summon Small Mammal      Summ           0%         N/A       28%         1
 Wereblood                Tmut           0%         N/A       41%         2
 Call Canine Familiar     Summ           0%         N/A       65%         3
 Spider Form              Tmut/Pois      0%         N/A       65%         3
 Summon Guardian Golem    Hex/Summ       0%         N/A       65%         3
 Vampiric Draining        Necr           0%         2d6       65%         3
 Agony                    Necr           0%         N/A       100%        5


Dungeon Overview and Level Annotations

Branches:
Dungeon (7/15)             Temple (0/1) D:7

Altars:
Fedhas
Kikubaaqudgha

Shops:
D:2 ([[   D:4 =   D:5 (

Annotations:
D:4 Natasha


Innate Abilities, Weirdness & Mutations

Your dull iron-grey scales are very hard. (AC +12)
You are amphibious.
You cannot fit into any form of body armour.
You are cold-blooded and may be slowed by cold attacks.


Message History

The hornet misses you. The hornet attacks as you move away!
The hornet closely misses you. The hornet stings you!
* * * LOW HITPOINT WARNING * * *
You are poisoned.
You feel as though you will be slow longer.
The hornet misses you.
You feel much better.
You feel very sick.
The hornet stings you but does no damage.
The hornet closely misses you.
You feel sick. The hornet stings you!
* * * LOW HITPOINT WARNING * * *
You feel as though you will be slow longer.
You feel sick. The hornet closely misses you. The hornet misses you.
You feel sick. The hornet stings you.
* * * LOW HITPOINT WARNING * * *
You feel as though you will be slow longer.
There is a stone staircase leading up here.
You feel sick.
You are no longer poisoned.
The hornet barely misses you.
The hornet stings you but does no damage.
You climb upwards.
There is a stone staircase leading down here.
Unknown command.
You puncture the hornet!
The hornet is moderately wounded.
The hornet stings you.
* * * LOW HITPOINT WARNING * * *
You are poisoned.
You suddenly lose the ability to move!
You feel yourself speed up.
* * * LOW HITPOINT WARNING * * *
You feel very sick.
The hornet stings you but does no damage.
You feel sick.
The hornet stings you but does no damage.
The hornet stings you!
You die...

#........##
##########.#####....
###...#...........#...
###.......≈§≈§≈≈≈≈≈.#...
####.........§.......≈.##..
#.....[......§.#.###.≈.##..
#...####....§§§#...#§§.....
#..## ##...§§§#._.#.≈..##.
##.## ##@y§§.#...#.≈..##.
#..# #...≈§###.#.≈..###
##.# ##..≈.......≈.## # #.#
##.≈§≈≈≈≈≈≈..# # ##.#
#...........# #..#
##...####..## ##.##
###..###.## #.## ##..##)#
### ##)#....#


You could see a hornet.

Vanquished Creatures
  Grinder (D:6)
  Prince Ribbit (D:6)
  Menkaure (D:5)
  A water moccasin (D:5)
  Duvessa (D:4)
  An ice beast (D:6)
  2 centaurs
  A bullfrog (D:6)
  4 wights
  Dowan (D:4)
  4 hounds
  Crazy Yiuf (D:2)
  2 jellies
  A gnoll shaman (D:4)
  2 orc wizards (D:4)
  Ijyb (D:4)
  Natasha (D:4)
  3 iguanas
  Robin (D:2)
  8 gnolls
  5 adders
  A shadow imp (D:5)
  A white imp (D:5)
  2 ufetubi (D:4)
  A dart slug (D:4)
  10 orcs
  6 ball pythons
  7 endoplasms
  2 giant cockroaches
  15 goblins
  9 hobgoblins
  16 jackals
  3 quokkas
  5 bats
  5 frilled lizards
  11 kobolds
137 creatures vanquished.

Notes
Turn   | Place    | Note
-------+----------+-------------------------------------------
     0 | D:5      | DocClef the Draconian Delver began the quest for the Orb.
     0 | D:5      | Reached XP level 1. HP: 19/19 MP: 1/1
    23 | D:5      | Reached XP level 2. HP: 7/26 MP: 2/2
   293 | D:4      | Identified the +7 trident of Dynwe {vamp, rN+ Str-4 Dex+10}
   300 | D:4      | Reached skill level 5 in Stealth
   348 | D:4      | Noticed Ijyb
   360 | D:4      | Killed Ijyb
   361 | D:4      | Reached XP level 3. HP: 21/31 MP: 3/3
   491 | D:4      | Reached skill level 1 in Polearms
   491 | D:4      | Reached XP level 4. HP: 38/40 MP: 4/4
   579 | D:4      | Noticed Natasha
   580 | D:4      | Reached skill level 4 in Fighting
   580 | D:4      | Reached XP level 5. HP: 41/46 MP: 5/5
   583 | D:4      | Killed Natasha
   656 | D:4      | Noticed Duvessa
   660 | D:4      | Noticed Dowan
   690 | D:4      | Killed Dowan
   693 | D:4      | Killed Duvessa
   694 | D:4      | Reached XP level 6. HP: 52/52 MP: 6/6
   812 | D:4      | Found Rubu's Jewellery Shop.
   946 | D:3      | Found an ancient bone altar of Kikubaaqudgha.
  1355 | D:2      | Found Taotty's Antique Weapon Emporium.
  1417 | D:2      | Noticed Robin
  1452 | D:2      | Killed Robin
  1715 | D:2      | Found Xualagar's Armour Boutique.
  1743 | D:2      | Found Copisu's Antique Armour Emporium.
  1912 | D:2      | Found a runed translucent door.
  1913 | D:2      | Noticed Crazy Yiuf
  2161 | D:2      | Killed Crazy Yiuf
  2527 | D:1      | Found a faded altar of an unknown god.
  3593 | D:4      | Your scales start taking on a dull iron-grey colour.
  3593 | D:4      | Reached XP level 7. HP: 23/60 MP: 7/7
  4372 | D:5      | Reached skill level 5 in Fighting
  4579 | D:5      | Found Wourph's Antique Weapon Boutique.
  4580 | D:5      | Noticed Menkaure
  4590 | D:5      | Killed Menkaure
  4591 | D:5      | Reached XP level 8. HP: 52/68 MP: 8/8
  4739 | D:4      | Noticed Natasha
  4780 | D:2      | Bought a pair of steaming boots for 190 gold pieces
  4780 | D:2      | Identified the +0 pair of boots of Melancholy {Int+4 Dex+2}
                  | (You bought it in a shop on level 2 of the Dungeon)
  5071 | D:6      | Reached skill level 5 in Short Blades
  5090 | D:5      | Reached skill level 14 in Fighting
  5090 | D:5      | Reached XP level 9. HP: 34/94 MP: 9/9
  5528 | D:6      | Found a blossoming altar of Fedhas.
  5562 | D:6      | Noticed Grinder
  5584 | D:6      | Killed Grinder
  5980 | D:6      | Noticed Prince Ribbit
  6001 | D:6      | Killed Prince Ribbit
  6229 | D:7      | Found a staircase to the Ecumenical Temple.
  6237 | D:7      | Paralysed by a hornet for 2 turns
  6243 | D:7      | Paralysed by a hornet for 2 turns
  6258 | D:6      | Paralysed by a hornet for 3 turns
  6260 | D:6      | Slain by a hornet

Illustrated notes

Levels and vault maps discovered:
D:1:      heliophobic_arrival_enchanted_forest, layout_loops_corners,
          basic_ecumenical_altar
D:2:      layout_rooms, serial_shops, shop_statue, nicolae_shop_stone, shop,
          hangedman_decor_growths, uniq_robin, uniq_crazy_yiuf_cottage
D:3:      layout_rooms, nicolae_overflow_hidden_temple
D:4:      layout_basic, serial_shops, shop, kennysheep_generic_room_5,
          uniq_ijyb, uniq_natasha, uniq_duvessa
D:5:      layout_rooms, serial_shops, shop, uniq_menkaure
D:6:      layout_layer_cave, mainiacjoe_overflow_brackets,
          minmay_misc_feat_hallway, uniq_prince_ribbit1, uniq_grinder
D:7:      layout_loops_ring, fiery_altar_vehumet,
          minmay_temple_entry_large_hall, serial_shops, shop,
          nicolae_take_the_stairs, roderic_lattice_a

Skill      XL: |  1  2  3  4  5  6  7  8  9 |
---------------+----------------------------+-----
Stealth        | 5 6 7 |  7.1
Polearms       | 1 3 |  3.5
Fighting       | 4 5 14 | 14.2
Dodging        | 2 3 4 |  4.0
Short Blades   | 3 4 5 6 |  6.0
Unarmed Combat | |  0.6

Action                   |  1- 3 |  4- 6 |  7- 9 || total
-------------------------+-------+-------+-------++-------
Melee: Short sword       |    13 |       |       ||    13
       Trident           |    19 |    56 |       ||    75
       Tailslap          |     4 |    18 |    40 ||    62
       Unarmed           |       |    17 |       ||    17
       Dagger            |       |   145 |   257 ||   402
       Punch             |       |     1 |     3 ||     4
  Use: Potion            |       |       |     7 ||     7
 Stab: Sleeping          |       |    21 |     3 ||    24
       Confused          |       |     1 |       ||     1
       Distracted        |       |       |     1 ||     1
Armor: Skin              |     6 |    54 |    90 ||   150
Dodge: Dodged            |    17 |   120 |   147 ||   284

Table legend: (Time is in decaauts)
 A = Elapsed time spent in this place.
 B = Non-inter-level travel time spent in this place.
 C = Inter-level travel time spent in this place.
 D = Time resting spent in this place.
 E = Time spent auto-exploring this place.
 F = Levels seen in this place.
 G = Mean time per level.
                   A        B        C        D        E       F      G
               +--------+--------+--------+--------+--------+-----+--------+
         Total |   6096 |   5681 |    415 |    823 |   3841 |   7 |  870.9 |
       Dungeon |   6096 |   5681 |    415 |    823 |   3841 |   7 |  870.9 |
               +--------+--------+--------+--------+--------+-----+--------+

Top non-repeatable levels by time:
     D:4: 1402 daAuts
     D:5: 1146 daAuts
     D:2: 1123 daAuts
     D:6: 1030 daAuts
     D:1: 928 daAuts
     D:3: 414 daAuts
     D:7: 50 daAuts
